 Dungeon Crawl Stone Soup version 0.26-a0-1161-g0398aca569 (webtiles) character file.

Game seed: 16190026699573414504

10 Anathary the Sneak (level 2, 0/16 HPs)
             Began as a Spriggan Delver on Dec 28, 2020.
             Slain by a jackal (2 damage)
             ... on level 1 of the Dungeon.
             The game lasted 00:03:43 (530 turns).

Anathary the Sneak (Spriggan Delver)                 Turns: 530, Time: 00:03:43

Health: 0/16       AC:  2    Str:  8    XL:     2   Next: 10%
Magic:  3/3        EV: 18    Int: 11    God:
Gold:   7          SH:  0    Dex: 17    Spells: 1/1 levels left

rFire    . . .     SeeInvis +   a - +0 short sword
rCold    . . .     Faith    .   (shield restricted)
rNeg     . . .     Spirit   .   b - +0 robe
rPois    .         Reflect  .   (helmet restricted)
rElec    .         Harm     .   (no cloak)
rCorr    .         Rampage  .   (gloves unavailable)
Will     .....                  (boots unavailable)
Stlth    ++++......             (no amulet)
HPRegen  0.05/turn              (no ring)
MPRegen  0.08/turn              (no ring)

@: very quick
A: very small, unfitting armour, see invisible, speed 3
a: no special abilities


You were on level 1 of the Dungeon.
You visited 1 branch of the dungeon, and saw 5 of its levels.

You collected 7 gold pieces.

Inventory:

Hand Weapons
 a - a +0 short sword (weapon)
 m - a cursed -3 falchion
Armour
 b - a +0 robe (worn)
Jewellery
 i - a cursed -4 ring of evasion {unknown}
Wands
 g - a wand of digging (3)
 h - a wand of enslavement (7)
Scrolls
 c - 2 scrolls of fog
 d - a scroll of magic mapping
 e - a scroll of fear
 j - a scroll of amnesia {unknown}
 l - a scroll of identify {unknown}
Potions
 f - a potion of haste
 k - a potion of mutation {unknown}
 n - a potion of brilliance {unknown}


   Skills:
 + Level 2.5 Fighting
 + Level 2.2 Short Blades
 + Level 3.0 Dodging
 + Level 7.7 Stealth


You had one spell level left.
You didn't know any spells.
Your spell library was empty.

Dungeon Overview and Level Annotations

Branches:
Dungeon (5/15)
 Temple: D:4-7

Altars:


Innate Abilities, Weirdness & Mutations

You are very small and have problems with some larger weapons.
You are too small for most types of armour.
You have supernaturally acute eyesight. (SInv)
You cover ground extremely quickly.


Message History

You hit the leopard gecko.
The leopard gecko is moderately wounded.
The leopard gecko misses you. The leopard gecko bites you.
* * * LOW HITPOINT WARNING * * *
You barely miss the leopard gecko.
The leopard gecko is moderately wounded.
The leopard gecko misses you.
You hit the leopard gecko.
The leopard gecko is severely wounded.
The leopard gecko closely misses you.
You hit the leopard gecko.
You kill the leopard gecko!
You have reached level 2!
You hit the frilled lizard.
You kill the frilled lizard!
The jackal bites you.
* * * LOW HITPOINT WARNING * * *
You hit the jackal but do no damage. The jackal barely misses you.
You barely miss the jackal. The jackal bites you.
You die...

#####################
........h@.>...†....##
h.....#####.#######..#
$.... #.# ##'# ....
#.# #....# ### #.#
#....# #.# #....# #)#
#.)..# #.# #....# #..
...b..


You could see a jackal.

Vanquished Creatures
  A leopard gecko (D:1)
  2 goblins (D:2)
  A hobgoblin (D:1)
  2 jackals (D:1)
  A bat (D:1)
  A frilled lizard (D:1)
8 creatures vanquished.

Notes
Turn   | Place    | Note
-------+----------+-------------------------------------------
     0 | D:5      | Anathary the Spriggan Delver began the quest for the Orb.
     0 | D:5      | Reached XP level 1. HP: 11/11 MP: 2/2
   174 | D:4      | Noticed an ogre
   528 | D:1      | Reached XP level 2. HP: 3/16 MP: 3/3
   530 | D:1      | Slain by a jackal

Illustrated notes

Levels and vault maps discovered:
D:1:      dpeg_arrival_long_road, layout_basic
D:2:      layout_rooms, hangedman_decor_push, nicolae_gozag_seed_capital
D:3:      layout_rooms, nicolae_ru_great_annihilating_truth
D:4:      layout_basic, minmay_fractal_squares_5, uniq_menkaure,
          uniq_blork_the_orc
D:5:      layout_cave_pools, eat_drink_and_be_merry_uskayaw,
          nzn_hepliaklqana_mist_gate, grunt_dithmenos_smoke_and_mirrors,
          serial_gnoll_camp, gnoll_camp_medium_02, gnoll_camp_mini_doghouse,
          gnoll_camp_mini_shop, gnoll_camp_medium_01, gnoll_camp_mini_hut,
          dk_noncrumbling_4

Action                   || total
-------------------------++-------
Melee: Short sword       ||    35
Armor: Robe              ||     1
Dodge: Dodged            ||    30

Table legend: (Time is in decaauts)
 A = Elapsed time spent in this place.
 B = Non-inter-level travel time spent in this place.
 C = Inter-level travel time spent in this place.
 D = Time resting spent in this place.
 E = Time spent auto-exploring this place.
 F = Levels seen in this place.
 G = Mean time per level.
                   A        B        C        D        E       F      G
               +--------+--------+--------+--------+--------+-----+--------+
         Total |    411 |    411 |      0 |    181 |      0 |   5 |   82.2 |
       Dungeon |    411 |    411 |      0 |    181 |      0 |   5 |   82.2 |
               +--------+--------+--------+--------+--------+-----+--------+

Top non-repeatable levels by time:
     D:1: 197 daAuts
     D:5: 85 daAuts
     D:2: 68 daAuts
     D:4: 57 daAuts
     D:3: 2 daAuts
